 Dungeon Crawl Stone Soup version 0.30-a0-726-gd89dcf765f (webtiles) character file.

Game seed: 3606207636346881926

136 jimonade the Sneak (level 5, -9/26 HPs)
             Began as a Vine Stalker Brigand on Jan 29, 2023.
             Mangled by an ogre
             ... wielding a +0 giant club
              (16 damage)
             ... on level 4 of the Dungeon.
             The game lasted 00:04:00 (1950 turns).

jimonade the Sneak (Vine Stalker Brigand)           Turns: 1950, Time: 00:04:01

Health: -9/26      AC: 13    Str: 13    XL:     5   Next: 19%
Magic:  0/6        EV: 11    Int: 11    God:
Gold:   157        SH:  0    Dex: 18    Spells: 4/4 levels left

rFire   . . .      SeeInvis .    b - +2 short sword (protect)
rCold   . . .      Faith    .    (no shield)
rNeg    . . .      Spirit   +    g - +0 robe
rPois   .          Reflect  .    s - +0 helmet
rElec   .          Harm     .    c - +0 cloak
rCorr   .          Rampage  .    h - +1 pair of gloves
Will    .....                    (no boots)
Stlth   +++                      (no amulet)
HPRegen 1.04/turn                w - ring of wizardry
MPRegen 0.10/turn                (no ring)

@: under a protective aura
A: fangs 2, regeneration 1, magic shield, antimagic bite, no potion heal 2
a: no special abilities


You were on level 4 of the Dungeon.
You visited 1 branch of the dungeon, and saw 4 of its levels.

You collected 157 gold pieces.

Inventory:

Hand Weapons
 a - a +2 dagger
 b - a +2 short sword of protection (weapon)
 n - a +0 scimitar
 r - a +0 sling
Missiles
 d - 9 poisoned darts (quivered)
 e - 3 curare-tipped darts
Armour
 c - a +0 cloak (worn)
 g - a +0 robe (worn)
 h - a +1 pair of gloves (worn)
 s - a +0 helmet (worn)
Jewellery
 w - a ring of wizardry (left hand)
Scrolls
 o - a scroll of magic mapping
 p - a scroll of enchant weapon {unknown}
 q - 2 scrolls of teleportation {unknown}
 v - a scroll of identify {unknown}
Potions
 j - 6 potions of curing {unknown}
 k - a potion of attraction {unknown}
 l - a potion of resistance {unknown}
 m - 3 potions of mutation {unknown}
 t - a potion of flight {unknown}
 u - a potion of lignification {unknown}


   Skills:
 - Level 1.7 Fighting
 + Level 4.7 Short Blades
 - Level 1.7 Throwing
 - Level 0.7 Dodging
 - Level 4.8 Stealth


You had 4 spell levels left.
You didn't know any spells.
Your spell library was empty.

Dungeon Overview and Level Annotations

Branches:
Dungeon (4/15)
 Temple: D:4-7

Altars:

Shops:
D:2 ==


Innate Abilities, Weirdness & Mutations

You have extremely sharp teeth.
Your natural rate of healing is unusually fast.
When hurt, damage is shared between your health and your magic reserves.
Your bite disrupts and absorbs the magic of your enemies.
Potions cannot restore your health.


Message History

The hound bites you but does no damage.
You hit the hound. You bite the hound, but do no damage.
The hound is moderately wounded.
The hound closely misses you. The hound barely misses you.
You hit the hound but do no damage.
The hound is moderately wounded.
The hound closely misses you.
You barely miss the hound.
The hound is moderately wounded.
The hound bites you but does no damage.
You hit the hound.
The hound is severely wounded.
The hound bites you but does no damage.
You completely miss the hound. Your bite misses the hound.
The hound is severely wounded.
The hound bites you but does no damage.
You hit the hound. Your bite misses the hound.
The hound is almost dead.
The hound bites you. The hound bites you but does no damage.
You hit the hound.
You kill the hound!
You have reached level 5!
Found 13 gold pieces.
You now have 157 gold pieces (gained 3).
You feel your willpower return.
An ogre comes into view. It is wielding a +0 giant club.
The ogre shouts!
The ogre hits you with a +0 giant club!!
Ouch! That really hurt!
* * * LOW HITPOINT WARNING * * *
You hit the ogre.
Your weapon exudes an aura of protection.
You bite the ogre, but do no damage.
The ogre is lightly wounded.
You hit the ogre.
The ogre is lightly wounded.
You hear the slow hiss of an avalanche of sand very nearby.
The ogre hits you with a +0 giant club!
Ouch! That really hurt!
You die...

**,,,*,,,*,,,,*
*+##*****+,**,*
*..# *****,* *#.#
*,**### #.#
*,,,... #.#
****#.# #.# #.#
#O# #.#
#@##############..
#.................
##################


You could see an ogre.

Vanquished Creatures
  A scorpion (D:3)
  A hound (D:4)
  2 dart slugs
  2 ball pythons
  5 bats
  2 endoplasms (D:1)
  3 giant cockroaches
  6 goblins
  4 hobgoblins
  3 quokkas
  2 frilled lizards
  6 kobolds
  2 rats
39 creatures vanquished.

Notes
Turn   | Place    | Note
-------+----------+-------------------------------------------
     0 | D:1      | jimonade the Vine Stalker Brigand began the quest for the
                  | Orb.
     0 | D:1      | Reached XP level 1. HP: 11/11 MP: 2/2
   200 | D:1      | Reached XP level 2. HP: 15/15 MP: 3/3
   593 | D:1      | Found a faded altar of an unknown god.
   751 | D:1      | Reached XP level 3. HP: 18/18 MP: 4/4
  1042 | D:2      | Found Pineof's Jewellery Shop.
  1074 | D:2      | Found Bioskuuq's Jewellery Shoppe.
  1165 | D:2      | You fall into a shaft and drop 1 floor!
  1670 | D:3      | Noticed a scorpion
  1676 | D:3      | Killed a scorpion
  1677 | D:3      | Gained mutation: Your natural rate of healing is unusually
                  | fast. [Vine Stalker growth]
  1677 | D:3      | Reached XP level 4. HP: 23/23 MP: 5/5
  1919 | D:4      | Reached XP level 5. HP: 25/26 MP: 4/6
  1947 | D:4      | Noticed an ogre
  1950 | D:4      | Mangled by an ogre

Illustrated notes

Levels and vault maps discovered:
D:1:      dpeg_cavernosity, layout_loops_corners,
          hellmonk_ecumenical_altar_lost_god
D:2:      layout_loops_ring, serial_shops, nicolae_shop_stone, shop,
          nicolae_shop_hallway_stairs, nicolae_shop_crystal,
          nicolae_shop_hallway_stairs, minivault_19, uniq_jessica
D:3:      layout_basic
D:4:      layout_loops_ring, nicolae_ossuary_entry_false_entrances,
          hangedman_decor_push

Skill      XL: |  1  2  3 |
---------------+----------+-----
Short Blades   | 2 3 4 |  4.7
Fighting       | |  1.7
Throwing       | |  1.7
Dodging        | |  0.7
Stealth        | |  4.8

Action                     |  1- 3 |  4- 6 || total
---------------------------+-------+-------++-------
  Melee: Short sword       |    71 |    20 ||    91
         Bite              |    13 |     3 ||    16
         Punch             |     1 |     1 ||     2
    Use: Scroll            |       |     3 ||     3
   Stab: Sleeping          |    15 |     1 ||    16
 Armour: Robe              |    17 |     8 ||    25
  Dodge: Dodged            |    31 |     9 ||    40

Table legend: (Time is in decaauts)
 A = Elapsed time spent in this place.
 B = Non-inter-level travel time spent in this place.
 C = Inter-level travel time spent in this place.
 D = Time resting spent in this place.
 E = Time spent auto-exploring this place.
 F = Levels seen in this place.
 G = Mean time per level.
                   A        B        C        D        E       F      G
               +--------+--------+--------+--------+--------+-----+--------+
         Total |   1934 |   1800 |    134 |      0 |   1406 |   4 |  483.5 |
       Dungeon |   1934 |   1800 |    134 |      0 |   1406 |   4 |  483.5 |
               +--------+--------+--------+--------+--------+-----+--------+

Top non-repeatable levels by time:
     D:1: 976 daAuts
     D:3: 727 daAuts
     D:2: 180 daAuts
     D:4: 49 daAuts
